Map: Cactus Valley LE (Void)

Players

Namshar - Winner!

  • Race: Zerg Zerg
  • Spawn Location: 5:00

PiLiPiLi

  • Race: Protoss Protoss
  • Spawn Location: 1:00

Event: WCS Austin 2017

VOD

Have the link to the VOD?

Description

Time

  • Played on: April 28, 2017, 9:57 p.m.
  • Length: 12:56

All games in this series

Show
View Real Time Build Order
Export as new Build Order

Namshar Zerg - Winner!

Build Orders: Hatch First 

Get SALT Encoding   

  12  0:00  Drone  
  13  0:12  Overlord  
  13  0:17  Drone  
  14  0:30  Drone x2  
  14  0:34  Drone  
  17  0:51  Hatchery  
  17  0:54  Drone  
  18  0:57  Drone  
  18  1:07  Extractor  
  17  1:12  Spawning Pool  
  17  1:16  Drone  
  17  1:19  Drone  
  18  1:27  Drone  
  19  1:38  Overlord  
  19  1:49  Drone  
  20  1:59  Queen  
  20  2:00  Zergling x2  
  23  2:02  Queen  
  23  2:03  Drone  
  26  2:09  Metabolic Boost  
  26  2:14  Zergling x4  
  28  2:23  Zergling x2  
  28  2:26  Zergling x2  
  30  2:35  Hatchery  
  29  2:39  Zergling x2  
  30  2:44  Queen  
  31  2:52  Overlord  
  31  2:59  Drone x2  
  32  3:11  Drone  
  32  3:12  Drone x5  
  36  3:27  Drone  
  36  3:28  Drone  
  36  3:31  Overlord  
  36  3:32  Overlord  
  36  3:33  Drone x2  
  40  3:47  Spore Crawler  
  39  3:49  Drone x2, Roach Warren  
  39  3:50  Drone  
  39  3:53  Drone x2  
  39  3:55  Drone x2  
  45  3:57  Drone  
  45  4:00  Drone  
  47  4:04  Drone x2  
  47  4:05  Drone  
  47  4:09  Spore Crawler  
  49  4:12  Extractor  
  49  4:15  Drone x2  
  50  4:17  Drone  
  50  4:19  Drone  
  52  4:29  Overlord  
  52  4:30  Overlord  
  52  4:32  Lair, Drone  
  52  4:33  Extractor  
  52  4:35  Drone x3  
  52  4:37  Roach  
  57  4:44  Overlord x2  
  57  4:48  Roach  
  57  4:49  Roach  
  61  4:53  Roach x2  
  61  4:56  Roach  
  61  4:58  Roach  
  68  5:01  Roach  
  70  5:09  Drone x2  
  70  5:13  Drone x2  
  74  5:15  Drone x2  
  74  5:17  Overlord  
  75  5:24  Drone x2  
  75  5:25  Drone x3  
  80  5:28  Glial Reconstitution  
  80  5:29  Overseer  
  80  5:30  Roach  
  80  5:31  Roach x3  
  88  5:37  Roach x2  
  88  5:39  Overlord x2  
  92  5:48  Roach x3  
  98  6:00  Roach x5  
  108  6:08  Extractor  
  107  6:20  Drone  
  107  6:21  Drone x2, Overlord x2, Extractor  
  107  6:22  Overlord x2  
  109  6:30  Extractor  
  109  6:31  Drone x2  
  107  6:46  Drone x3, Overlord  
  110  6:50  Drone x2  
  110  6:51  Drone, Roach  
  110  6:52  Roach x7  
  129  6:55  Overlord  
  129  6:59  Overseer  
  129  7:01  Roach  
  131  7:06  Roach x2  
  135  7:10  Ravager x2  
  135  7:11  Ravager x2  
  139  7:22  Roach x4  
  154  7:23  Roach x7  
  160  7:35  Ravager x2  
  160  7:36  Overlord x3  
  162  7:40  Overlord  
  162  7:46  Hatchery  
  162  7:49  Drone, Evolution Chamber  
  162  7:51  Drone  
  162  8:00  Ravager  
  162  8:01  Ravager x3  
  166  8:10  Ravager x3  
  166  8:11  Ravager  
  166  8:12  Roach x3  
  176  8:15  Zergling x2  
  176  8:16  Zergling x10  
  180  8:31  Ravager, Zergling x2  
  180  8:32  Zergling x18  
  157  8:43  Drone, Zerg Missile Weapons Level 1  
  157  8:44  Drone  
  157  8:45  Spire  
  157  8:46  Ravager x2, Baneling Nest  
  157  8:47  Zergling x10  
  162  9:01  Extractor  
  162  9:02  Drone x2  
  162  9:03  Drone x5  
  162  9:05  Hatchery  
  162  9:09  Zergling x4  
  165  9:18  Overlord x3  
  151  9:38  Zergling x14  
  134  9:58  Roach x9  
  134  9:59  Roach x5  
  110  10:12  Roach  
  110  10:13  Roach x3  
  114  10:18  Spore Crawler, Spine Crawler  
  114  10:20  Extractor  
  111  10:23  Zergling x4  
  111  10:24  Mutalisk x2  
  111  10:25  Mutalisk  
  119  10:32  Mutalisk x5  
  128  10:36  Mutalisk x5  
  128  10:38  Zerg Melee Weapons Level 1  
  128  10:41  Zergling x10  
  143  10:47  Roach x3  
  143  10:48  Roach  
  148  10:54  Ravager x3  
  148  10:56  Roach x3, Zergling x4  
  148  10:57  Zergling x2  
  155  11:03  Ravager  
  155  11:04  Zergling x4, Roach x2  
  159  11:10  Ravager  
  157  11:13  Zergling x10, Roach  
  156  11:31  Roach  
  156  11:32  Roach x7  
  153  11:43  Roach x6  
  164  11:47  Ravager x2  
  166  11:54  Roach  
  166  11:55  Roach x4  
  173  12:02  Roach x4  
  149  12:20  Roach  
  149  12:21  Roach x7  
  136  12:26  Roach x3  
  136  12:29  Roach  
  124  12:30  Roach  
  124  12:34  Roach  
Show
View Real Time Build Order
Export as new Build Order

PiLiPiLi Protoss 

Build Orders:  

Get SALT Encoding   

  12  0:00  Probe (Chrono Boost)  
  13  0:11  Probe (Chrono Boost)  
  14  0:19  Pylon  
  14  0:22  Probe (Chrono Boost)  
  15  0:38  Probe (Chrono Boost)  
  15  0:39  Gateway  
  16  0:45  Assimilator  
  16  0:48  Probe (Chrono Boost)  
  17  0:59  Probe (Chrono Boost)  
  17  1:03  Gateway  
  18  1:09  Probe (Chrono Boost)  
  19  1:20  Probe (Chrono Boost)  
  20  1:26  Cybernetics Core  
  20  1:30  Probe (Chrono Boost)  
  21  1:34  Pylon  
  21  1:53  Nexus  
  21  2:02  Adept x2  
  21  2:06  Warp Gate  
  26  2:10  Probe (Chrono Boost)  
  26  2:16  Assimilator  
  26  2:22  Probe (Chrono Boost)  
  27  2:26  Pylon  
  27  2:34  Probe (Chrono Boost)  
  27  2:44  Stalker  
  27  2:45  Probe (Chrono Boost)  
  30  2:56  Probe (Chrono Boost)  
  32  3:05  Probe (Chrono Boost)  
  32  3:15  Probe (Chrono Boost)  
  32  3:16  Probe (Chrono Boost)  
  32  3:17  Twilight Council  
  32  3:25  Adept  
  34  3:27  Probe (Chrono Boost), Adept  
  34  3:33  Mothership Core (Chrono Boost)  
  37  3:39  Probe (Chrono Boost)  
  38  3:44  Gateway  
  38  3:47  Resonating Glaives  
  38  3:49  Pylon  
  38  3:51  Probe (Chrono Boost)  
  38  3:52  Probe (Chrono Boost)  
  40  4:02  Probe (Chrono Boost)  
  42  4:03  Probe (Chrono Boost)  
  42  4:11  Robotics Facility  
  42  4:13  Probe (Chrono Boost)  
  42  4:16  Probe (Chrono Boost)  
  44  4:18  Adept  
  44  4:22  Adept  
  44  4:23  Probe (Chrono Boost)  
  49  4:25  Assimilator  
  49  4:28  Probe (Chrono Boost)  
  50  4:34  Probe (Chrono Boost)  
  52  4:40  Probe (Chrono Boost)  
  52  4:41  Pylon, Adept  
  52  4:44  Probe (Chrono Boost)  
  55  4:52  Probe (Chrono Boost)  
  56  4:54  Warp Prism  
  56  4:57  Probe (Chrono Boost), Adept x2  
  56  4:59  Pylon  
  63  5:10  Probe (Chrono Boost)  
  63  5:14  Probe (Chrono Boost)  
  65  5:17  Adept  
  65  5:18  Adept  
  69  5:22  Nexus  
  69  5:24  Pylon  
  70  5:29  Assimilator, Probe (Chrono Boost)  
  70  5:32  Probe (Chrono Boost)  
  71  5:41  Probe (Chrono Boost), Immortal  
  72  5:46  Probe (Chrono Boost)  
  77  5:51  Sentry x3  
  77  5:53  Probe (Chrono Boost)  
  84  5:59  Probe (Chrono Boost)  
  85  6:13  Probe (Chrono Boost)  
  85  6:16  Robotics Bay  
  85  6:17  Gateway  
  85  6:18  Gateway  
  86  6:25  Pylon  
  86  6:26  Blink  
  86  6:27  Pylon  
  86  6:29  Immortal  
  86  6:36  Probe (Chrono Boost)  
  92  6:40  Probe (Chrono Boost)  
  92  6:41  Probe (Chrono Boost)  
  92  6:44  Stalker x2  
  98  6:48  Probe (Chrono Boost)  
  98  6:51  Probe (Chrono Boost)  
  98  6:53  Probe (Chrono Boost)  
  100  6:55  Gateway  
  100  7:00  Probe (Chrono Boost), Gateway  
  102  7:01  Probe (Chrono Boost)  
  102  7:02  Stalker, Pylon  
  102  7:03  Disruptor  
  102  7:05  Probe (Chrono Boost)  
  106  7:25  Assimilator, Probe x2 (Chrono Boost), Stalker x3  
  106  7:28  Assimilator  
  110  7:31  Pylon  
  110  7:34  Disruptor  
  106  7:42  Pylon  
  109  7:44  Pylon  
  109  7:52  Stalker x5  
  109  7:54  Pylon  
  119  8:05  Disruptor  
  119  8:07  Forge  
  119  8:12  Stalker x2  
  124  8:16  Stalker x2  
  124  8:17  Stalker x2  
  134  8:23  Stalker  
  134  8:25  Protoss Ground Weapons Level 1  
  134  8:36  Stalker x2  
  133  8:41  Stalker x3  
  133  8:42  Stalker  
  141  8:55  Photon Cannon  
  140  8:56  Pylon  
  140  8:57  Pylon  
  140  8:58  Pylon  
  140  8:59  Pylon  
  140  9:04  Warp Prism  
  140  9:14  Stalker  
  140  9:15  Stalker x3  
  140  9:16  Stalker x2  
  152  9:22  Adept  
  142  9:38  Adept x2  
  134  9:46  Adept x3  
  113  10:00  Adept  
  113  10:01  Adept x3  
  113  10:03  Probe x3 (Chrono Boost)  
  119  10:15  Probe x2 (Chrono Boost)  
  119  10:20  Adept  
  119  10:21  Adept x3  
  127  10:26  Templar Archives  
  126  10:39  Disruptor  
  126  10:40  Adept  
  131  10:53  Stalker x4  
  131  10:54  Stalker x2  
  139  11:05  Photon Cannon  
  139  11:10  Photon Cannon  
  139  11:13  Stalker  
  139  11:14  Stalker  
  136  11:20  Stalker x2  
  116  11:36  Stalker x2  
  116  11:37  Stalker  
  117  11:40  High Templar x2  
  117  11:44  High Templar, Archon  
  117  11:45  High Templar  
  118  11:53  Archon  
  113  11:58  Stalker  
  112  12:07  Stalker  
  112  12:08  Stalker  
  76  12:22  Stalker  
  26  12:44  High Templar x3  
  26  12:50  Archon  
Tags
 
Add a new tag
Caveats
  • Supply blocks, unpowered buildings, or Contaminate may cause inaccurate times.
  • Supply counts are checked every 10 seconds.